 Dungeon Crawl Stone Soup version 0.21.1-1-g345015f (webtiles) character file.

2432 tidbits the Insei (level 9, -2/68 HPs)
             Began as a Gnoll Transmuter on Feb 6, 2018.
             Was a Believer of Cheibriados.
             Slain by a gnoll
             ... wielding a +0 halberd
              (10 damage)
             ... on level 8 of the Dungeon.
             The game lasted 00:19:21 (1633 turns).

tidbits the Insei (Gnoll Transmuter)                Turns: 1633, Time: 00:19:22

Health: -2/68      AC:  3    Str: 17    XL:     9   Next: 48%
Magic:  9/18       EV: 16    Int: 23    God:    Cheibriados [**....]
Gold:   185        SH:  0    Dex: 19    Spells: 6/21 levels left

rFire    . . .     SeeInvis .     - Unarmed
rCold    . . .     Gourm    .   (shield currently unavailable)
rNeg     . . .     Faith    .   B - +0 leather armour (curse)
rPois    .         Spirit   .   (no helmet)
rElec    .         Reflect  .   (no cloak)
rCorr    .         Harm     .   (gloves currently unavailable)
MR       .....                  (no boots)
Stlth    +++.......             (no amulet)
HPRegen  0.21/turn              W - ring of wizardry (curse)
MPRegen  0.16/turn              z - ring of wizardry

@: blade hands, very slow
A: distributed training, fangs 1, strong nose
a: End Transformation, Bend Time, Renounce Religion


You were on level 8 of the Dungeon.
You worshipped Cheibriados.
Cheibriados was pleased with you.
You were not hungry.
You had blades for hands.
You visited 2 branches of the dungeon, and saw 9 of its levels.

You collected 185 gold pieces.

Inventory:

Hand Weapons
 f - a +0 whip of freezing
   (You took it off Pikel on level 6 of the Dungeon)
 g - a +0 war axe
 h - a +0 dagger (melded)
 o - a +0 hunting sling
 u - a +0 scimitar
Missiles
 a - 60 arrows
 i - 56 stones (quivered)
Armour
 b - a +0 robe
 s - a +0 ring mail
 t - a +0 buckler
 B - a cursed +0 leather armour (worn)
Jewellery
 j - an uncursed ring of ice
   (You found it on level 1 of the Dungeon)
 k - an uncursed ring of fire
   (You found it on level 2 of the Dungeon)
 z - a ring of wizardry (right scythe-like blade)
   (You found it on level 7 of the Dungeon)
 W - a cursed ring of wizardry (left scythe-like blade)
   (You found it on level 2 of the Dungeon)
Wands
 p - a wand of paralysis (3)
 A - a wand of polymorph (21)
Scrolls
 l - 2 scrolls of blinking {unknown}
 n - 2 scrolls of amnesia
 q - a scroll of enchant weapon
 r - 2 scrolls of remove curse
 v - 4 scrolls of enchant armour
 w - a scroll of identify
 y - a scroll of teleportation {unknown}
Potions
 e - a potion of haste
 m - a potion of ambrosia
 x - 3 potions of flight
Books
 d - a book of Changes

   Spells                             Type                      Level
   a - Beastly Appendage              Transmutation                1
   b - Sticks to Snakes               Transmutation                2
   c - Spider Form                    Transmutation/Poison         3
   d - Ice Form                       Ice/Transmutation            4
   e - Blade Hands                    Transmutation                5
Comestibles
 c - 5 rations
 C - 6 chunks of flesh


   Skills:
 + Level 5.0 Fighting
 + Level 4.2 Short Blades
 + Level 4.2 Long Blades
 + Level 4.2 Axes
 + Level 4.2 Maces & Flails
 + Level 4.2 Polearms
 + Level 4.2 Staves
 + Level 4.2 Slings
 + Level 4.2 Bows
 + Level 4.2 Crossbows
 + Level 4.2 Throwing
 + Level 4.2 Armour
 + Level 6.3 Dodging
 + Level 4.2 Stealth
 + Level 4.2 Shields
 + Level 7.9 Unarmed Combat
 + Level 6.6 Spellcasting
 + Level 3.4 Conjurations
 + Level 3.4 Hexes
 + Level 3.4 Charms
 + Level 3.4 Summonings
 + Level 3.4 Necromancy
 + Level 3.4 Translocations
 + Level 5.2 Transmutations
 + Level 3.4 Fire Magic
 + Level 3.4 Ice Magic
 + Level 3.4 Air Magic
 + Level 3.4 Earth Magic
 + Level 3.4 Poison Magic
 + Level 4.6 Invocations
 + Level 4.2 Evocations


You had 6 spell levels left.
You knew the following spells:

 Your Spells              Type           Power        Failure   Level  Hunger
e - Beastly Appendage     Tmut           ####..       4%          1    None
h - Blade Hands           Tmut           ####......   28%         5    #####..
i - Ice Form              Ice/Tmut       ####....     17%         4    ###....
k - Sticks to Snakes      Tmut           ####....     5%          2    None
p - Spider Form           Tmut/Pois      ####......   9%          3    None


Dungeon Overview and Level Annotations

Branches:
Dungeon (8/15)             Temple (1/1) D:5
   Lair: D:8-11

Altars:
Ashenzari
Cheibriados
Elyvilon
Hepliaklqana
Kikubaaqudgha
Ru
Trog
Vehumet
Yredelemnul
The Shining One

Annotations:
D:6 1 runed door


Innate Abilities, Weirdness & Mutations

Your experience applies equally to all skills.
You have very sharp teeth.
Your uncanny sense of smell can sniff out nearby items.


Message History

Your ball python constricts the wight.
Your ball python bites the quokka but does no damage.
Your magical contamination has completely faded away.
Unknown command.
You hit the quokka.
The quokka is severely wounded.
Your ball python bites the quokka.
The quokka dies!
Cheibriados thoroughly appreciates the change of pace.
The wight completely misses your ball python.
Your ball python bites the wight but does no damage.
Your ball python constricts the wight.
Your ball python bites the wight.
You swap places.
Your ball python barely misses the wight.
Your ball python bites the wight.
Your ball python bites the wight but does no damage.
Your ball python constricts the wight.
The wight hits you but does no damage.
Your ball python bites the wight but does no damage.
Things that are here:
an enchanted long sword; a robe You slice the wight!!
You destroy the wight!
Cheibriados appreciates the change of pace.
Cheibriados raises the support of your attributes as your movement slows.
Things that are here:
an enchanted spear; a robe You swap places.
Things that are here:
an enchanted short sword; a robe A wight comes into view.
It is wielding a long sword.
Things that are here:
an enchanted dagger; a robe You hit the wight.
The wight is lightly damaged.
The wight hits you with a long sword.
* * * LOW HITPOINT WARNING * * *
You slash the wight!
The wight is almost destroyed.
Your ball python bites the wight.
Your ball python barely misses the wight.
Your ball python closely misses the wight.
Your ball python grabs the wight.
Your ball python constricts the wight.
The wight hits you with a long sword.
* * * LOW HITPOINT WARNING * * *
You slash the wight!
You destroy the wight!
Cheibriados appreciates the change of pace.
Your transformation is almost over.
Things that are here:
a long sword; a robe You swap places.
Your ball python withers and dies! x2
Your hands revert to their normal proportions.
Your +0 dagger unmelds from your body.
There is a stone staircase leading down here.
Your ball python withers and dies! x2
You climb downwards.
There is a stone staircase leading up here.
Unknown command.
Things that are here:
a robe; an enchanted mace
Found 14 poisoned needles.
A jackal comes into view.
Found a stone staircase leading down. 2 gnolls come into view.
Found a glowing golden altar of the Shining One.
The helpless jackal fails to defend itself.
You impale the jackal!!
You kill the jackal!
Cheibriados thoroughly appreciates the change of pace.
Unknown command.
Throwing (i - inventory):
i - 57 stones (quivered)
Press: ? - help, Shift-Dir - straight line, f - gnoll
Aim: a gnoll, wielding a halberd and wearing a robe (hasn't noticed you)
You throw a stone. The gnoll shouts!
The stone hits the gnoll but does no damage.
Quiver which item? (- for none, * to show all) (? for menu, Esc to quit)
Okay, then.
Casting: Sticks to Snakes
Confirm with . or Enter, or press ? or * to list all spells.
You create a snake!
You now have 60 arrows.
The gnoll closely misses you.
Casting: Sticks to Snakes
Confirm with . or Enter, or press ? or * to list all spells.
Your hands turn into razor-sharp scythe blades.
Your +0 dagger melds into your body.
Your adder barely misses the gnoll.
Your adder closely misses the gnoll.
You swap places. 2 gnolls come into view.
The gnoll closely misses you. x2; The gnoll hits you with a halberd!
* * * LOW HITPOINT WARNING * * *
The gnoll hits you but does no damage.
Okay, then.
You slice the gnoll!!
You kill the gnoll!
Cheibriados appreciates the change of pace.
Unknown command.
The gnoll hits you with a halberd!
You die...

## #####.# ##### ########
#.....####.... #......#
#........#.###
.###.....g######.....##.#.#
..>......g.g@S........#.#.#
.#........####.#......#.#.###
....###......#)#......#.#....
... #.####.#.#####..#)#.... _
#.####.#.#####....#....
.(.......[.<............
.########....[..#.....<. #.
........#######.##..## #
#######..†.......#..#


You could see 3 gnolls and a friendly adder.

Vanquished Creatures
  Pikel (D:6)
  A hippogriff (D:8)
  The ghost of Agrougrou the Poker, an amateur DsMo (D:3)
  Menkaure (D:6)
  3 slaves (D:6)
  An ice beast (Temple)
  2 centaurs (D:6)
  A bullfrog (D:6)
  A scorpion (D:8)
  A water moccasin skeleton (D:8)
  3 killer bees (D:8)
  3 howler monkeys
  8 wights
  A jelly (D:8)
  An orc priest (D:3)
  Ijyb (D:5)
  A worker ant (D:7)
  A worker ant zombie (D:6)
  3 gnolls
  2 adders (D:6)
  An ooze (D:2)
  2 adder skeletons (D:4)
  3 worms
  2 leopard geckos
  5 orcs
  2 giant cockroaches
  2 hobgoblins
  4 jackals
  6 kobolds
  2 quokkas
  A ball python (D:4)
  2 bats
  3 frilled lizards
  7 goblins
  A leopard gecko zombie (D:8)
  2 rats (D:2)
82 creatures vanquished.

Vanquished Creatures (collateral kills)
  Grinder (D:6)
  An ice beast (D:6)
  A necrophage (D:6)
  A centaur zombie (D:7)
  2 jellies
  A bullfrog skeleton (D:5)
  A hound skeleton (D:6)
  A gnoll (D:6)
  A quokka (D:7)
10 creatures vanquished.

Grand Total: 92 creatures vanquished

Notes
Turn   | Place    | Note
-------+----------+-------------------------------------------
     0 | D:1      | tidbits the Gnoll Transmuter began the quest for the Orb.
     0 | D:1      | Reached XP level 1. HP: 17/17 MP: 6/6
   101 | D:2      | Reached XP level 2. HP: 21/23 MP: 5/7
   120 | D:2      | Found a faded altar of an unknown god.
   153 | D:2      | Learned a level 2 spell: Sticks to Snakes
   154 | D:3      | Noticed Agrougrou's ghost (amateur DsMo)
   184 | D:2      | Reached XP level 3. HP: 8/28 MP: 7/9
   189 | D:2      | Learned a level 3 spell: Spider Form
   237 | D:1      | Reached skill level 5 in Spellcasting
   443 | D:3      | Reached skill level 1 in Invocations
   452 | D:3      | Reached skill level 1 in Short Blades
   452 | D:3      | Reached skill level 1 in Long Blades
   452 | D:3      | Reached skill level 1 in Axes
   452 | D:3      | Reached skill level 1 in Maces & Flails
   452 | D:3      | Reached skill level 1 in Polearms
   452 | D:3      | Reached skill level 1 in Staves
   452 | D:3      | Reached skill level 1 in Slings
   452 | D:3      | Reached skill level 1 in Bows
   452 | D:3      | Reached skill level 1 in Crossbows
   452 | D:3      | Reached skill level 1 in Throwing
   452 | D:3      | Reached skill level 1 in Armour
   452 | D:3      | Reached skill level 1 in Stealth
   452 | D:3      | Reached skill level 1 in Shields
   452 | D:3      | Reached skill level 1 in Evocations
   452 | D:3      | Reached XP level 4. HP: 28/34 MP: 2/11
   516 | D:3      | Killed Agrougrou's ghost
   516 | D:3      | Reached skill level 3 in Fighting
   516 | D:3      | Reached skill level 1 in Conjurations
   516 | D:3      | Reached skill level 1 in Hexes
   516 | D:3      | Reached skill level 1 in Charms
   516 | D:3      | Reached skill level 1 in Summonings
   516 | D:3      | Reached skill level 1 in Necromancy
   516 | D:3      | Reached skill level 1 in Translocations
   516 | D:3      | Reached skill level 4 in Transmutations
   516 | D:3      | Reached skill level 1 in Fire Magic
   516 | D:3      | Reached skill level 1 in Ice Magic
   516 | D:3      | Reached skill level 1 in Air Magic
   516 | D:3      | Reached skill level 1 in Earth Magic
   516 | D:3      | Reached skill level 1 in Poison Magic
   516 | D:3      | Reached XP level 5. HP: 33/41 MP: 6/12
   714 | D:4      | Found a shattered altar of Ashenzari.
   790 | D:5      | Entered Level 5 of the Dungeon
   790 | D:5      | Found a staircase to the Ecumenical Temple.
   792 | D:5      | Noticed an ice beast
   798 | Temple   | Entered the Ecumenical Temple
   807 | Temple   | Killed an ice beast
   807 | Temple   | Reached skill level 2 in Invocations
   807 | Temple   | Reached XP level 6. HP: 39/47 MP: 9/14
   852 | Temple   | Became a worshipper of Cheibriados the Contemplative
   890 | D:5      | Reached skill level 5 in Dodging
   900 | D:5      | Reached skill level 2 in Short Blades
   900 | D:5      | Reached skill level 2 in Long Blades
   900 | D:5      | Reached skill level 2 in Axes
   900 | D:5      | Reached skill level 2 in Maces & Flails
   900 | D:5      | Reached skill level 2 in Polearms
   900 | D:5      | Reached skill level 2 in Staves
   900 | D:5      | Reached skill level 2 in Slings
   900 | D:5      | Reached skill level 2 in Bows
   900 | D:5      | Reached skill level 2 in Crossbows
   900 | D:5      | Reached skill level 2 in Throwing
   900 | D:5      | Reached skill level 2 in Armour
   900 | D:5      | Reached skill level 2 in Stealth
   900 | D:5      | Reached skill level 2 in Shields
   900 | D:5      | Reached skill level 2 in Evocations
   914 | D:5      | Noticed Ijyb
   931 | D:6      | Noticed Grinder
   934 | D:6      | Noticed a necrophage
   974 | D:5      | Paralysed by Ijyb for 4 turns
   986 | D:5      | Killed Ijyb
  1013 | D:5      | Reached XP level 7. HP: 12/52 MP: 4/15
  1042 | D:5      | Found a radiant altar of Vehumet.
  1042 | D:5      | Found a hazy altar of Hepliaklqana.
  1079 | D:6      | Killed Grinder
  1079 | D:6      | Reached skill level 7 in Unarmed Combat
  1079 | D:6      | Reached skill level 2 in Conjurations
  1079 | D:6      | Reached skill level 2 in Hexes
  1079 | D:6      | Reached skill level 2 in Charms
  1079 | D:6      | Reached skill level 2 in Summonings
  1079 | D:6      | Reached skill level 2 in Necromancy
  1079 | D:6      | Reached skill level 2 in Translocations
  1079 | D:6      | Reached skill level 2 in Fire Magic
  1079 | D:6      | Reached skill level 2 in Ice Magic
  1079 | D:6      | Reached skill level 2 in Air Magic
  1079 | D:6      | Reached skill level 2 in Earth Magic
  1079 | D:6      | Reached skill level 2 in Poison Magic
  1097 | D:6      | Learned a level 4 spell: Ice Form
  1103 | D:6      | Learned a level 5 spell: Blade Hands
  1124 | D:6      | Reached * piety under Cheibriados
  1137 | D:6      | Reached skill level 3 in Invocations
  1140 | D:6      | Reached XP level 8. HP: 11/59 MP: 1/16
  1155 | D:6      | Found a glowing golden altar of the Shining One.
  1156 | D:6      | Found a runed door.
  1156 | D:6      | Noticed an angel
  1163 | D:6      | Noticed Pikel
  1179 | D:6      | Killed Pikel
  1179 | D:6      | Reached skill level 4 in Fighting
  1179 | D:6      | Reached skill level 3 in Short Blades
  1179 | D:6      | Reached skill level 3 in Long Blades
  1179 | D:6      | Reached skill level 3 in Axes
  1179 | D:6      | Reached skill level 3 in Maces & Flails
  1179 | D:6      | Reached skill level 3 in Polearms
  1179 | D:6      | Reached skill level 3 in Staves
  1179 | D:6      | Reached skill level 3 in Slings
  1179 | D:6      | Reached skill level 3 in Bows
  1179 | D:6      | Reached skill level 3 in Crossbows
  1179 | D:6      | Reached skill level 3 in Throwing
  1179 | D:6      | Reached skill level 3 in Armour
  1179 | D:6      | Reached skill level 3 in Stealth
  1179 | D:6      | Reached skill level 3 in Shields
  1179 | D:6      | Reached skill level 6 in Spellcasting
  1179 | D:6      | Reached skill level 3 in Evocations
  1211 | D:6      | Noticed Menkaure
  1219 | D:6      | Killed Menkaure
  1237 | D:6      | Reached skill level 3 in Conjurations
  1237 | D:6      | Reached skill level 3 in Hexes
  1237 | D:6      | Reached skill level 3 in Charms
  1237 | D:6      | Reached skill level 3 in Summonings
  1237 | D:6      | Reached skill level 3 in Necromancy
  1237 | D:6      | Reached skill level 3 in Translocations
  1237 | D:6      | Reached skill level 3 in Fire Magic
  1237 | D:6      | Reached skill level 3 in Ice Magic
  1237 | D:6      | Reached skill level 3 in Air Magic
  1237 | D:6      | Reached skill level 3 in Earth Magic
  1237 | D:6      | Reached skill level 3 in Poison Magic
  1237 | D:6      | Reached skill level 4 in Invocations
  1326 | D:7      | Reached XP level 9. HP: 37/65 MP: 10/18
  1329 | D:7      | Reached skill level 6 in Dodging
  1388 | D:8      | Reached skill level 5 in Transmutations
  1421 | D:8      | Reached skill level 4 in Short Blades
  1421 | D:8      | Reached skill level 4 in Long Blades
  1421 | D:8      | Reached skill level 4 in Axes
  1421 | D:8      | Reached skill level 4 in Maces & Flails
  1421 | D:8      | Reached skill level 4 in Polearms
  1421 | D:8      | Reached skill level 4 in Staves
  1421 | D:8      | Reached skill level 4 in Slings
  1421 | D:8      | Reached skill level 4 in Bows
  1421 | D:8      | Reached skill level 4 in Crossbows
  1421 | D:8      | Reached skill level 4 in Throwing
  1421 | D:8      | Reached skill level 4 in Armour
  1421 | D:8      | Reached skill level 4 in Stealth
  1421 | D:8      | Reached skill level 4 in Shields
  1421 | D:8      | Reached skill level 4 in Evocations
  1583 | D:7      | Reached skill level 5 in Fighting
  1587 | D:7      | Reached ** piety under Cheibriados
  1619 | D:8      | Found a glowing golden altar of the Shining One.
  1633 | D:8      | Slain by a gnoll

Skill      XL: |  1  2  3  4  5  6  7  8  9 |
---------------+----------------------------+-----
Spellcasting   | 5 6 |  6.6
Invocations    | 1 2 3 4 |  4.6
Short Blades   | 1 2 3 4 |  4.2
Long Blades    | 1 2 3 4 |  4.2
Axes           | 1 2 3 4 |  4.2
Maces & Flails | 1 2 3 4 |  4.2
Polearms       | 1 2 3 4 |  4.2
Staves         | 1 2 3 4 |  4.2
Slings         | 1 2 3 4 |  4.2
Bows           | 1 2 3 4 |  4.2
Crossbows      | 1 2 3 4 |  4.2
Throwing       | 1 2 3 4 |  4.2
Armour         | 1 2 3 4 |  4.2
Stealth        | 1 2 3 4 |  4.2
Shields        | 1 2 3 4 |  4.2
Evocations     | 1 2 3 4 |  4.2
Fighting       | 3 4 5 |  5.0
Conjurations   | 1 2 3 |  3.4
Hexes          | 1 2 3 |  3.4
Charms         | 1 2 3 |  3.4
Summonings     | 1 2 3 |  3.4
Necromancy     | 1 2 3 |  3.4
Translocations | 1 2 3 |  3.4
Transmutations | 4 5 |  5.2
Fire Magic     | 1 2 3 |  3.4
Ice Magic      | 1 2 3 |  3.4
Air Magic      | 1 2 3 |  3.4
Earth Magic    | 1 2 3 |  3.4
Poison Magic   | 1 2 3 |  3.4
Dodging        | 5 6 |  6.3
Unarmed Combat | 7 |  7.9

Action                   |  1- 3 |  4- 6 |  7- 9 || total
-------------------------+-------+-------+-------++-------
Melee: Unarmed           |    55 |    78 |    74 ||   207
       Headbutt          |     6 |       |       ||     6
       Bite              |     2 |       |     7 ||     9
       Punch             |     1 |       |     1 ||     2
       Dagger            |       |     1 |    15 ||    16
Throw: Stone             |       |       |     1 ||     1
 Cast: Beastly Appendage |    10 |       |       ||    10
       Spider Form       |     5 |    11 |     7 ||    23
       Sticks to Snakes  |     3 |    10 |    14 ||    27
       Blade Hands       |       |       |     7 ||     7
       Ice Form          |       |       |     1 ||     1
Invok: Bend Time         |       |       |     1 ||     1
 Abil: End Transformatio |       |       |     4 ||     4
Evoke: Wand              |       |       |    10 ||    10
  Use: Potion            |       |     7 |     1 ||     8
       Scroll            |       |     7 |     2 ||     9
 Stab: Distracted        |     1 |       |     3 ||     4
       Invisible         |       |     4 |       ||     4
       Sleeping          |       |     4 |     3 ||     7
       Paralysed         |       |       |    12 ||    12
  Eat: Ration            |       |     1 |     1 ||     2
Armor: Robe              |     3 |     1 |       ||     4
       Skin              |     1 |     3 |     4 ||     8
       Leather armour    |       |       |     4 ||     4
Dodge: Dodged            |    32 |    68 |    86 ||   186

Table legend:
 A = Turns spent in this place as a percentage of turns spent in the entire game.
 B = Non-inter-level travel turns spent in this place as a percentage of non-inter-level travel turns spent in the entire game.
 C = Inter-level travel turns spent in this place as a percentage of turns spent in this place.
 D = Turns resting spent in this place as a percentage of non-inter-level travel turns spent in this place.
 E = Turns spent auto-exploring this place as a percentage of non-inter-level travel turns spent in this place.
 F = Non-inter-level travel turns spent in this place divided by the number of levels of this place that you've seen.
                   A       B       C       D       E      F
               +-------+-------+-------+-------+-------+----------------------
         Total | 100.0 | 100.0 |   3.5 |   0.0 |   0.0 | 175.1
       Dungeon |  94.7 |  96.4 |   1.7 |   0.0 |   0.0 | 190.0
        Temple |   5.3 |   3.6 |  34.9 |   0.0 |   0.0 |  56.0
               +-------+-------+-------+-------+-------+----------------------

Table legend:
 A = Kills in this place as a percentage of kills in entire the game.
 B = Kills by you in this place as a percentage of kills by you in the entire game.
 C = Kills by friends in this place as a percentage of kills by friends in the entire game.
 D = Other kills in this place as a percentage of other kills in the entire game.
 E = Experience gained in this place as a percentage of experience gained in the entire game.
 F = Experience gained in this place divided by the number of levels of this place that you have seen.
                   A       B       C       D       E      F
               +-------+-------+-------+-------+-------+----------------------
         Total | 100.0 | 100.0 | 100.0 |   N/A | 100.0 | 386.1
       Dungeon |  98.9 |  98.7 | 100.0 |   N/A |  96.3 | 418.5
        Temple |   1.1 |   1.3 |   0.0 |   N/A |   3.7 | 127.0
               +-------+-------+-------+-------+-------+----------------------

Vault maps used:
D:1:      dpeg_arrival_pond, amethyst_killhole
D:2:      first_ration, chequers_ecumenical_altar_island, hex_medium
D:3:      minivault_14, grunt_ministairs_2
D:4:      kennysheep_little_box
D:5:      gammafunk_temple_overflow_elements, minmay_temple_entry_mist,
          uniq_ijyb, uniq_blork_the_orc
D:6:      lemuel_angel_altar, uniq_pikel, uniq_menkaure, uniq_grinder
D:8:      nicolae_overflow_hidden_temple,
          chequers_temple_overflow_statue_of_worship, basic_altar
Temple:   nicolae_temple_figure_eight
